 Dungeon Crawl Stone Soup version 0.28.0 (webtiles) character file.

Game seed: 3490279745331935031

429007 pkoi the Crack Shot (level 22, -10/191 (195) HPs)
             Began as a Minotaur Hunter on Feb 10, 2022.
             Was the Champion of Dithmenos.
             Killed from afar by a tengu reaver (13 damage)
             ... with a bolt of negative energy
             ... on level 2 of the Depths.
             The game lasted 01:59:44 (66737 turns).

pkoi the Crack Shot (Minotaur Hunter)              Turns: 66737, Time: 01:59:44

HP:   -10/191 (195) AC: 22    Str: 21    XL:     22   Next: 80%
MP:   0/39          EV: 20    Int:  5    God:    Dithmenos [******]
Gold: 5132          SH:  0    Dex: 18    Spells: 29/33 levels left

rFire   + + +      SeeInvis +   a - +11 longbow of Conflict {vorpal, rPois rN+ MP+9}
rCold   . . .      Faith    .   (shield currently unavailable)
rNeg    + . .      Spirit   +   r - +7 ring mail of the Pirate {*Corrode rElec rF+++ SInv}
rPois   +          Reflect  .   (helmet restricted)
rElec   +          Harm     .   Z - +0 cloak of Refuge {Int+2}
rCorr   +          Rampage  .   O - +0 pair of gloves
Will    +++..                   u - +1 pair of boots
Stlth   +++++++++.              t - amulet of guardian spirit
HPRegen 0.41/turn               z - +4 ring of slaying
MPRegen 0.26/turn               Y - ring of Dishonesty {rPois Will++ rCorr Int-5 SInv}

@: about to teleport, wreathed by umbra, lightly drained
A: horns 2, retaliatory headbutt
}: 2/15 runes: decaying, serpentine
a: Renounce Religion, Shadow Step, Shadow Form


You were on level 2 of the Depths.
You worshipped Dithmenos.
Dithmenos was exalted by your worship.
You visited 9 branches of the dungeon, and saw 41 of its levels.
You visited the Abyss 2 times.
You also visited: Sewer, Volcano and Wizlab.

You collected 6572 gold pieces.
You spent 1440 gold pieces at shops.

Inventory:

Hand Weapons
 a - the +11 longbow of Conflict (weapon) {vorpal, rPois rN+ MP+9}
   (You acquired it on level 4 of the Dungeon)

   Any ammunition fired from it inflicts extra damage upon your enemies.
   rPois:     It protects you from poison.
   rN:        It protects you from negative energy.
   MP:        It affects your magic capacity (+9).
 b - the +10 spear of Severance {venom, Int+3}
   (You found it on level 8 of the Dungeon)

   It poisons the flesh of those it strikes.
   Int:       It affects your intelligence (+3).
 P - the +7 Singing Sword {vorpal, sonic wave}
   (You found it on level 2 of the Lair of Beasts)

   It inflicts extra damage upon your enemies.
   It radiates damaging sonic waves as it strikes, especially in combat
   involving dangerous or numerous foes.
Missiles
 d - 1258 arrows (quivered ammo)
 j - 2 datura-tipped darts
 v - 5 throwing nets
 V - 3 curare-tipped darts
Armour
 r - the +7 ring mail of the Pirate (worn) {*Corrode rElec rF+++ SInv}
   (You found it on level 4 of the Swamp)

   rF:        It renders you almost immune to fire.
   rElec:     It insulates you from electricity.
   SInv:      It lets you see invisible.
   *Corrode:  It may corrode you when you take damage.
 u - a +1 pair of boots (worn)
 O - a +0 pair of gloves (worn)
 Z - the +0 cloak of Refuge (worn) {Int+2}
   (You found it on level 4 of the Lair of Beasts)

   Int:       It affects your intelligence (+2).
Jewellery
 l - a ring of positive energy
 m - an amulet of reflection
 t - an amulet of guardian spirit (around neck)
 z - a +4 ring of slaying (left hand)
 B - a ring of flight
 X - a ring of protection from cold
 Y - the ring of Dishonesty (right hand) {rPois Will++ rCorr Int-5 SInv}
   (You found it on level 3 of the Elven Halls)

   [ring of poison resistance]

   Int:       It affects your intelligence (-5).
   rPois:     It protects you from poison.
   SInv:      It lets you see invisible.
   rCorr:     It protects you from acid and corrosion.
   Will:      It greatly increases your willpower.
Wands
 w - a wand of paralysis (30)
 y - a wand of mindburst (15)
 E - a wand of flame (127)
 J - a wand of iceblast (30)
 L - a wand of acid (18)
 N - a wand of digging (3)
 Q - a wand of polymorph (39)
 W - a wand of charming (4)
Scrolls
 e - 2 scrolls of holy word
 f - 2 scrolls of fear
 n - 15 scrolls of teleportation
 x - 7 scrolls of blinking
 G - a scroll of enchant armour
 I - 8 scrolls of magic mapping
 K - 6 scrolls of fog
 R - 3 scrolls of amnesia
 T - 5 scrolls of summoning
Potions
 g - 12 potions of curing
 h - 8 potions of might
 i - 9 potions of brilliance
 k - 10 potions of haste
 o - 5 potions of ambrosia
 q - 2 potions of invisibility
 A - a potion of berserk rage
 C - 5 potions of flight
 D - 3 potions of magic
 F - 2 potions of resistance
 M - 4 potions of cancellation
 S - 6 potions of heal wounds
Miscellaneous
 p - a phantom mirror
 H - a condenser vane


   Skills:
 + Level 16.2 Fighting
 + Level 22.5 Bows
 + Level 18.4 Armour
 + Level 14.0 Dodging
 - Level 12.0 Stealth
 - Level 6.0 Spellcasting
 + Level 7.6 Hexes
 + Level 9.7 Translocations
 - Level 12.0 Invocations
 + Level 14.6 Evocations


You had 29 spell levels left.
You knew the following spells:

 Your Spells              Type           Power      Damage    Failure   Level
a - Apportation           Tloc           22%        N/A       1%          1
b - Portal Projectile     Hex/Tloc       20%        N/A       3%          3

Your spell library contained the following spells:

 Spells                   Type           Power      Damage    Failure   Level
 Tukima's Dance           Hex            9%         N/A       5%          3
 Passage of Golubria      Tloc           11%        N/A       7%          4
 Dazzling Flash           Conj/Hex       10%        N/A       26%         3
 Pain                     Necr           4%         1d4       36%         1
 Sandblast                Erth           2%         2d4       36%         1
 Sting                    Tmut/Pois      4%         1d3       36%         1
 Summon Small Mammal      Summ           4%         N/A       36%         1
 Iskenderun's Mystic Bla  Conj/Tloc      6%         2d4       47%         4
 Passwall                 Tmut/Erth      0%         N/A       52%         2
 Poisonous Vapours        Pois/Air       2%         N/A       52%         2
 Static Discharge         Conj/Air       1%         N/A       52%         2
 Anguish                  Hex/Necr       2%         N/A       63%         4
 Leda's Liquefaction      Hex/Erth       2%         N/A       63%         4
 Call Canine Familiar     Summ           1%         N/A       75%         3
 Conjure Flame            Conj/Fire      1%         6-21      75%         3
 Frozen Ramparts          Ice            2%         1d2       75%         3
 Ignite Poison            Fire/Tmut/Pois 1%         N/A       75%         3
 Mephitic Cloud           Conj/Pois/Air  1%         N/A       75%         3
 Spider Form              Tmut/Pois      1%         N/A       75%         3
 Stone Arrow              Conj/Erth      2%         3d7       75%         3
 Summon Mana Viper        Hex/Summ       5%         N/A       93%         5
 Yara's Violent Unravell  Hex/Tmut       2%         3d3       93%         5
 Animate Armour           Summ/Erth      2%         N/A       98%         4
 Hailstorm                Conj/Ice       1%         3d3       98%         4
 Ice Form                 Ice/Tmut       1%         N/A       98%         4
 Olgreb's Toxic Radiance  Pois           1%         N/A       98%         4
 Sticky Flame             Conj/Fire      1%         2d3       98%         4
 Summon Ice Beast         Ice/Summ       1%         N/A       98%         4
 Agony                    Necr           1%         N/A       100%        5
 Alistair's Intoxication  Tmut/Pois      0%         N/A       100%        5
 Blade Hands              Tmut           0%         N/A       100%        5
 Borgnjor's Vile Clutch   Necr/Erth      0%         N/A       100%        5
 Excruciating Wounds      Necr           0%         N/A       100%        5
 Fireball                 Conj/Fire      0%         3d3       100%        5
 Freezing Cloud           Conj/Ice/Air   0%         6-21      100%        5
 Irradiate                Conj/Tmut      0%         3d14      100%        5
 Iskenderun's Battlesphe  Conj           1%         2d6       100%        5
 Lightning Bolt           Conj/Air       0%         1d11      100%        5
 Conjure Ball Lightning   Conj/Air       0%         3x3d6     100%        6
 Eringya's Noxious Bog    Tmut/Pois      0%         N/A       100%        6
 Simulacrum               Ice/Necr       0%         N/A       100%        6
 Starburst                Conj/Fire      0%         6d3       100%        6
 Summon Cactus Giant      Summ           0%         N/A       100%        6
 Dragon Form              Tmut           0%         N/A       100%        7
 Enfeeble                 Hex            4%         N/A       100%        7
 Haunt                    Necr/Summ      0%         N/A       100%        7
 Malign Gateway           Summ/Tloc      3%         N/A       100%        7
 Monstrous Menagerie      Summ           0%         N/A       100%        7
 Orb of Destruction       Conj           0%         9d5       100%        7
 Ozocubu's Refrigeration  Ice            0%         4d5       100%        7
 Spellforged Servitor     Conj/Summ      0%         N/A       100%        7
 Ignition                 Fire           0%         3d3       100%        8
 Infestation              Necr           0%         N/A       100%        8
 Lehudib's Crystal Spear  Conj/Erth      0%         10d2      100%        8
 Maxwell's Capacitive Co  Air            0%         ∞         100%        8
 Summon Horrible Things   Summ           0%         N/A       100%        8


Dungeon Overview and Level Annotations

Branches:
Dungeon (15/15)            Temple (1/1) D:7            Lair (6/6) D:10
  Swamp (4/4) Lair:3        Snake (4/4) Lair:3        Slime (0/5) Lair:5
    Orc (2/2) D:12            Elf (3/3) Orc:2        Vaults (4/5) D:14
  Crypt (0/3) Vaults:3     Depths (2/4) D:15          Sewer (visited)
Volcano (visited)          WizLab (visited)

Altars:
Ashenzari
Cheibriados
Dithmenos
Elyvilon
Fedhas
Gozag
Hepliaklqana
Kikubaaqudgha
Makhleb
Nemelex Xobeh
Okawaru
Qazlal
Ru
Sif Muna
Trog
Uskayaw
Vehumet
Wu Jian
Xom
Yredelemnul
Zin
The Shining One
Beogh
Jiyva

Shops:
D:4 =   D:11 :   D:14 [   Orc:2 [*(=   Elf:2 [   Snake:1 (!*   Vaults:2 [
Depths:1 (=

Portals:
Hell: Depths:1
Pandemonium: Depths:1 Depths:2
Ziggurat: Depths:1

Annotations:
Elf:1 7 runed translucent doors
Depths:1 1 runed translucent door


Innate Abilities, Weirdness & Mutations

You have a pair of horns on your head.
You reflexively headbutt those who attack you in melee.


Message History

You shoot an arrow. The arrow hits the frost giant!
The frost giant is moderately wounded.
The floating eye pulsates ominously.
The frost giant hits you with a +2 battleaxe of freezing!
* * * LOW HITPOINT WARNING * * *
You emit a cloud of dark smoke.
The frost giant freezes you.
* * * LOW HITPOINT WARNING * * *
Unknown command.
Unknown command.
The frost giant gestures at you while chanting.
The bolt of cold hits you!!
* * * LOW HITPOINT WARNING * * *
The floating eye gazes piercingly through you!
You suddenly lose the ability to move!
The frost giant gestures at you while chanting.
The bolt of cold hits you!!!
* * * LOW HITPOINT WARNING * * *
The floating eye seems to glare at you.
The tengu reaver points at you and mumbles some strange words.
The bolt of poison hits you! You resist.
* * * LOW HITPOINT WARNING * * *
The floating eye gazes piercingly through you!
You shrug off the repeated paralysis!
The frost giant hits you with a +2 battleaxe of freezing!
* * * LOW HITPOINT WARNING * * *
The frost giant freezes you.
* * * LOW HITPOINT WARNING * * *
You can move again.
Unknown command.
Blink to where?
Press: ? - help, Dir - move target, p - frost giant
As you read the scroll of blinking, it crumbles to dust.
As you read the scroll of teleportation, it crumbles to dust.
You feel strangely unstable.
The tengu reaver points at you and mumbles some strange words.
The bolt of poison hits you! You resist.
* * * LOW HITPOINT WARNING * * *
The tengu reaver gestures at you while chanting.
The bolt of negative energy hits you! You partially resist.
You feel drained.
You die...

############### ..............#
...........Q..# #..###.C###..##
#...G#.)...# #§§..#.....# ###
###§§###..##.# ##.)
#.§§.#....##@# ##..#
#.§(§#....##.# #..##
#(.###..####.############.##.
.(..#....# #........#..#..#.#
#(...#....# #####.........##.#
#(.###...## ####.........#.##
(..#.....# #.........§≈.#.#
(.:.#.....######...#......≈.#.#
#..##..........#........#.##


You could see a tengu reaver.

Vanquished Creatures
  A dread lich (Depths:1)
  2 juggernauts (Depths:2)
  Boris (twice) (Vaults:3 Vaults:4)
  Vashnia (Snake:4)
  Jory (Vaults:3)
  A bone dragon (Vaults:3)
  A Hellbinder (WizLab)
  A tentacled monstrosity (Depths:2)
  Jorgrun (D:12)
  4 liches
  Rupert (D:12)
  Asterion (Elf:2)
  4 deep elf blademasters
  3 tentacled starspawn (Abyss:2)
  3 deep elf master archers (Elf:3)
  An Executioner (Abyss:2)
  A storm dragon (Depths:2)
  A thorn hunter (Swamp:4)
  A tengu reaver (Depths:2)
  3 sphinxes
  3 frost giants
  A fire giant (Depths:2)
  9 nagarajas
  6 vault wardens
  5 deep elf sorcerers
  2 orc warlords
  A caustic shrike zombie (D:15)
  3 deep elf elementalists (Elf:3)
  4 cacodemons
  Aizul (Snake:3)
  A balrug (WizLab)
  21 ironbound preservers
  2 war gargoyles (Vaults:3)
  A ghoul (Swamp:1)
  A demonspawn blood saint (WizLab)
  A vampire knight (Depths:2)
  5 ironbound thunderhulks
  The ghost of browni3141 the Fighter, a journeyman MiBe of Trog (Lair:3)
  7 very ugly things
  3 deep elf demonologists
  13 dire elephants
  2 bunyips
  A black draconian (Abyss:2)
  4 eleionomae
  8 deep elf annihilators
  A lorocyproca (Abyss:2)
  2 entropy weavers (Vaults:2)
  Azrael (D:15)
  The ghost of Ined the Severer, a journeyman MiBe of Trog (D:13)
  8 deep elf death magi (Elf:3)
  An ettin (Depths:2)
  2 blizzard demons (WizLab)
  2 crystal guardians (Vaults:3)
  Snorg (Orc:2)
  Josephine (Lair:6)
  12 yaktaur captains
  4 deep elf high priests
  5 great orbs of eyes
  A shambling mangrove (Swamp:1)
  3 fire dragons
  4 salamander tyrants
  35 hydras
  2 vault guards (Vaults:1)
  2 ice dragons
  2 rakshasas (Depths:2)
  18 naga warriors
  11 boulder beetles
  An ogre mage (D:15)
  A hell beast (WizLab)
  18 anacondas
  15 centaur warriors
  2 peacekeepers (Vaults:3)
  4 ghost crabs
  3 catoblepae
  4 ironbound frosthearts
  9 two-headed ogres
  Erica (D:9)
  12 alligators
  4 death yaks (Lair:5)
  2 deep troll earth magi (Depths:2)
  A death knight (D:13)
  26 dancing weapons
  A titan zombie (Abyss:2)
  A death yak (shapeshifter) (Depths:2)
  3 orc high priests
  6 thrashing horrors (Abyss:2)
  2 tengu warriors
  A spriggan berserker (Swamp:1)
  Urug (D:12)
  A vampire mage (Depths:2)
  4 deep troll shamans (Depths:1)
  7 hell knights
  20 naga sharpshooters
  2 soul eaters
  20 deep elf knights
  5 sun demons
  A shadow wraith (Abyss:2)
  11 shock serpents
  A storm dragon zombie (Abyss:2)
  A sixfirhy (WizLab)
  4 salamander mystics
  Nergalle (Lair:4)
  2 wretched stars (Abyss:2)
  A death drake (Abyss:2)
  A spatial maelstrom (Abyss:2)
  4 goliath frogs
  5 spriggan druids
  An iron troll (Depths:1)
  5 skeletal warriors (D:15)
  2 sea snakes (Snake:4)
  2 shadow demons (WizLab)
  A bunyip zombie (Abyss:2)
  2 glowing orange brains
  11 naga ritualists
  60 deep trolls
  2 starcursed masses (Abyss:2)
  12 bog bodies
  21 deep elf archers
  2 flayed ghosts
  5 harpies
  11 swamp dragons
  10 wizards
  6 lindwurms
  2 tengu zombies (Vaults:3)
  11 necromancers
  47 deep elf pyromancers
  3 orc knights (Orc:2)
  15 ironbound convokers
  27 deep elf zephyrmancers
  3 orc sorcerers (Orc:2)
  7 manticores
  33 ugly things
  A stone giant zombie (D:15)
  7 mana vipers
  A manticore (shapeshifter) (Vaults:2)
  Maurice (Orc:2)
  8 cyclopes
  3 will-o-the-wisps
  20 salamanders
  2 stone giant skeletons
  3 elephants
  An ice statue (Lair:4)
  8 guardian serpents
  16 naga magi
  14 vault sentinels
  12 cane toads
  A torpor snail (Lair:5)
  4 rust devils (WizLab)
  35 black mambas
  3 gargoyles (D:12)
  Maggie (D:9)
  3 smoke demons
  Psyche (D:9)
  A demonic crawler (Abyss:2)
  8 rime drakes
  2 rime drakes (shapeshifter)
  7 komodo dragons
  6 hellwings
  36 yaktaurs
  2 ice devils
  A yaktaur skeleton (Vaults:3)
  3 ancient zymes (Abyss:2)
  2 tormentors
  3 bloated husks
  8 trolls
  A harpy zombie (Abyss:2)
  13 polar bears
  9 tyrant leeches
  7 raiju (Abyss:2)
  27 slime creatures
  14 hornets
  A blink frog (Lair:6)
  8 dream sheep
  A spriggan skeleton (D:15)
  3 flying skulls (Abyss:2)
  24 spriggans
  2 shadows
  3 water elementals (Elf:3)
  A centaur simulacrum (D:14)
  A jumping spider (Vaults:2)
  2 air elementals (Elf:2)
  A spriggan (shapeshifter) (Elf:3)
  A vampire (D:11)
  11 fire elementals
  11 wraiths
  59 yaks
  15 wyverns
  2 steam dragons
  5 ynoxinuls
  4 fire bats
  A golden eye (shapeshifter) (D:13)
  8 basilisks
  3 redbacks (Vaults:2)
  4 large abominations (Abyss:2)
  A vampire mosquito (D:13)
  A chaos spawn (WizLab)
  3 neqoxecs
  Menkaure (D:4)
  59 nagas
  2 wargs (Orc:1)
  A spatial vortex (Abyss:2)
  18 swamp worms
  2 acid dragons (D:13)
  16 water moccasins
  An ogre skeleton (Vaults:3)
  7 hell hounds
  7 swamp drakes (Swamp:4)
  6 ice beasts
  2 black bears
  37 orc warriors
  3 sky beasts
  6 ogres
  3 necrophages
  4 boggarts
  13 centaurs
  31 wolves
  3 kobold brigands
  4 earth elementals
  18 bullfrogs
  2 scorpions
  3 gnoll sergeants
  7 small abominations (Abyss:2)
  A hornet simulacrum (D:14)
  2 wyvern skeletons
  A water moccasin skeleton (D:4)
  6 killer bees
  A wight (Abyss:2)
  2 howler monkeys (D:9)
  An electric eel (Lair:3)
  3 bullfrog zombies
  2 centaur zombies
  2 quasits (Abyss:2)
  A hound (D:5)
  A jelly (D:6)
  15 orc priests
  3 bullfrog skeletons
  3 iguanas
  Natasha (thrice) (D:2)
  23 orc wizards
  8 hell rats (Lair:5)
  Terence (D:3)
  14 gnolls
  10 adders
  A howler monkey simulacrum (D:9)
  2 white imps
  2 ufetubi
  An adder skeleton (D:4)
  3 worms
  2 dart slugs
  109 orcs
  17 ball pythons
  6 bats
  9 endoplasms
  6 giant cockroaches
  9 hobgoblins
  2 jackals (D:4)
  25 kobolds
  7 quokkas
  2 frilled lizards (D:1)
  8 goblins
  8 rats
  A starspawn tentacle (Abyss:2)
1819 creatures vanquished.

Vanquished Creatures (collateral kills)
  A deep troll (Vaults:4)
  A swamp worm (Swamp:3)
2 creatures vanquished.

Vanquished Creatures (others)
  A deep troll (Vaults:4)
  A vault sentinel (Vaults:1)
  A guardian serpent (Snake:4)
  A bloated husk (Swamp:3)
  2 small abominations (Abyss:2)
  2 bushes
  4 foxfires
  80 fungi
  A lurking horror (Abyss:2)
  81 plants
  A starspawn tentacle (Abyss:2)
  5 withered plants (D:15)
180 creatures vanquished.

Grand Total: 2001 creatures vanquished

Notes
Turn   | Place    | Note
-------+----------+-------------------------------------------
     0 | D:1      | pkoi the Minotaur Hunter began the quest for the Orb.
     0 | D:1      | Reached XP level 1. HP: 18/18 MP: 0/0
   105 | D:1      | Reached skill level 1 in Stealth
   228 | D:1      | Reached XP level 2. HP: 25/25 MP: 1/1
   282 | D:1      | Found a faded altar of an unknown god.
  1106 | D:1      | Reached XP level 3. HP: 28/31 MP: 2/2
  2010 | D:2      | Reached skill level 1 in Armour
  2010 | D:2      | Reached XP level 4. HP: 14/38 MP: 3/3
  2316 | D:2      | Reached skill level 5 in Bows
  2532 | D:2      | Noticed Natasha
  2540 | D:2      | Killed Natasha
  2680 | D:2      | Noticed Natasha
  2695 | D:2      | Killed Natasha
  2696 | D:2      | Reached XP level 5. HP: 17/45 MP: 4/4
  2896 | D:2      | Noticed Natasha
  2905 | D:2      | Killed Natasha
  3226 | D:3      | Found a glowing drain.
  3255 | Sewer    | Entered a sewer
  3277 | Sewer    | Reached XP level 6. HP: 44/51 MP: 5/5
  3497 | Sewer    | Reached skill level 6 in Bows
  3846 | D:3      | Found a sacrificial altar of Ru.
  3944 | D:3      | Found a shadowy altar of Dithmenos.
  3985 | D:3      | Became a worshipper of Dithmenos the Shadowed
  4225 | D:3      | Noticed Terence
  4241 | D:3      | Killed Terence
  4450 | D:3      | Found a broken altar of Ashenzari.
  4456 | D:3      | Found a blossoming altar of Fedhas.
  4789 | D:4      | Noticed Menkaure
  4796 | D:4      | Killed Menkaure
  4797 | D:4      | Reached skill level 7 in Bows
  4797 | D:4      | Reached XP level 7. HP: 57/57 MP: 6/6
  4829 | D:4      | Identified a scroll of acquirement
  4829 | D:4      | Acquired the +11 longbow of Conflict {vorpal, rPois rN+
                  | MP+9}
  4933 | D:4      | Reached skill level 8 in Bows
  5023 | D:4      | Found Gairich's Jewellery Shoppe.
  5306 | D:5      | Entered Level 5 of the Dungeon
  5359 | D:5      | Reached skill level 9 in Bows
  5399 | D:5      | Reached * piety under Dithmenos
  5531 | D:5      | Found a snail-covered altar of Cheibriados.
  5683 | D:5      | Reached XP level 8. HP: 60/63 MP: 7/7
  5706 | D:5      | Found a runed translucent door.
  5866 | D:6      | Found an iron altar of Okawaru.
  6068 | D:6      | Reached skill level 10 in Bows
  6384 | D:6      | Reached skill level 5 in Stealth
  6653 | D:7      | Reached ** piety under Dithmenos
  6659 | D:7      | Reached skill level 11 in Bows
  6743 | D:7      | Reached XP level 9. HP: 69/69 MP: 8/8
  7009 | D:7      | Found a staircase to the Ecumenical Temple.
  7020 | Temple   | Entered the Ecumenical Temple
  7653 | D:8      | Reached skill level 12 in Bows
  7681 | D:8      | Identified the +10 spear of Severance {venom, Int+3}
  8161 | D:9      | Noticed a two-headed ogre
  8164 | D:9      | Reached skill level 13 in Bows
  8168 | D:8      | Killed a two-headed ogre
  8317 | D:9      | Reached XP level 10. HP: 41/77 MP: 9/9
  8318 | D:9      | Reached skill level 14 in Bows
  8672 | D:9      | Noticed Erica
  8676 | D:9      | Killed Erica
  8699 | D:9      | Noticed a centaur warrior
  8703 | D:9      | Killed a centaur warrior
  8703 | D:9      | Reached *** piety under Dithmenos
  8704 | D:9      | Reached skill level 15 in Bows
  8866 | D:9      | Noticed Psyche
  8868 | D:9      | Killed Psyche
  9055 | D:9      | Found a glowing silver altar of Zin.
  9068 | D:9      | Noticed Maggie
  9075 | D:9      | Killed Maggie
  9358 | D:9      | Reached skill level 16 in Bows
  9381 | D:9      | Found a bloodstained altar of Trog.
  9497 | D:9      | Found a runed translucent door.
  9497 | D:9      | Noticed a centaur warrior
  9500 | D:9      | Killed a centaur warrior
  9623 | D:9      | Noticed a necromancer
 10040 | D:9      | Noticed a catoblepas
 10040 | D:9      | Noticed a two-headed ogre
 10095 | D:10     | Entered Level 10 of the Dungeon
 10186 | D:10     | Reached XP level 11. HP: 82/82 MP: 10/10
 10289 | D:9      | Reached skill level 17 in Bows
 10502 | D:10     | Found a staircase to the Lair.
 10747 | D:10     | Noticed a deep elf pyromancer
 10755 | D:10     | Killed a deep elf pyromancer
 10874 | D:10     | Found a hazy altar of Hepliaklqana.
 11073 | D:10     | Found a glowing golden altar of the Shining One.
 11092 | D:10     | Reached skill level 18 in Bows
 11356 | Lair:1   | Entered Level 1 of the Lair of Beasts
 11506 | Lair:1   | Reached **** piety under Dithmenos
 11899 | Lair:1   | Reached skill level 19 in Bows
 12058 | Lair:1   | Noticed a six-headed hydra
 12063 | Lair:1   | Killed a six-headed hydra
 12514 | Lair:2   | Reached XP level 12. HP: 89/89 MP: 11/11
 12688 | Lair:2   | Noticed a six-headed hydra
 12692 | Lair:2   | Killed a six-headed hydra
 12693 | Lair:2   | Reached skill level 20 in Bows
 12726 | Lair:2   | Identified the +0 ring mail of Luczaomi {Rampage Dex+3}
 12885 | Lair:2   | Found the +7 Singing Sword {vorpal, sonic wave}
 12931 | Lair:2   | Noticed a six-headed hydra
 12941 | Lair:2   | Killed a six-headed hydra
 13694 | Lair:3   | Noticed an eight-headed hydra
 13698 | Lair:3   | Killed an eight-headed hydra
 13699 | Lair:3   | Reached skill level 1 in Invocations
 13709 | Lair:3   | Reached skill level 1 in Evocations
 14065 | Lair:3   | Found a staircase to the Swamp.
 14157 | Lair:3   | Found a staircase to the Snake Pit.
 14189 | Lair:3   | Reached ***** piety under Dithmenos
 14230 | Lair:3   | Found a runed translucent door.
 14236 | Lair:3   | Noticed browni3141's ghost (journeyman MiBe)
 14272 | Lair:3   | Noticed a catoblepas
 14277 | Lair:3   | Killed a catoblepas
 14279 | Lair:3   | Noticed a five-headed hydra
 14286 | Lair:3   | Killed a five-headed hydra
 14287 | Lair:3   | Reached skill level 5 in Fighting
 14470 | Lair:3   | Reached skill level 5 in Armour
 14785 | Lair:3   | Reached XP level 13. HP: 100/100 MP: 14/14
 15334 | Lair:4   | Reached skill level 5 in Dodging
 15606 | Lair:4   | Noticed Nergalle
 15609 | Lair:4   | Killed Nergalle
 16258 | Lair:5   | Found a dark tunnel.
 16262 | Volcano  | Entered a volcano
 16947 | Volcano  | HP: 4/103 [deep elf archer (12)]
 17358 | Lair:5   | Found a staircase to the Slime Pits.
 17359 | Lair:5   | Found a viscous altar of Jiyva.
 17570 | Lair:5   | Reached skill level 5 in Invocations
 18059 | Lair:5   | Reached skill level 5 in Evocations
 18072 | Lair:5   | Reached XP level 14. HP: 113/113 MP: 17/17
 18505 | Lair:6   | Entered Level 6 of the Lair of Beasts
 18707 | Lair:6   | Noticed Josephine
 18713 | Lair:6   | Killed Josephine
 18730 | Lair:6   | Reached ****** piety under Dithmenos
 19739 | Lair:6   | Identified the +9 hand axe of Berereig {flame, rC+ Dex-3
                  | Stlth+}
 20613 | D:11     | Found Oxo Piss's Book Emporium.
 21457 | D:12     | Found a staircase to the Orcish Mines.
 21576 | D:12     | Noticed Urug
 21580 | D:12     | Noticed Jorgrun
 21582 | D:12     | Killed Urug
 21945 | D:12     | Killed Jorgrun
 22192 | D:12     | Reached XP level 15. HP: 125/125 MP: 19/19
 22276 | D:12     | Noticed Rupert
 22281 | D:12     | Killed Rupert
 22720 | D:13     | HP: 5/126 [cyan ugly thing (12)]
 23273 | Swamp:1  | Entered Level 1 of the Swamp
 23403 | Swamp:1  | Paralysed by a hornet for 1 turns
 23608 | Swamp:1  | Reached skill level 10 in Fighting
 23644 | Swamp:1  | Reached skill level 10 in Armour
 25016 | Swamp:2  | Learned a level 1 spell: Apportation
 25647 | Swamp:3  | Reached skill level 1 in Translocations
 25732 | Swamp:3  | Reached skill level 1 in Spellcasting
 25829 | Swamp:3  | Reached skill level 10 in Stealth
 26145 | Swamp:4  | Entered Level 4 of the Swamp
 26181 | Swamp:4  | Noticed a thorn hunter
 26454 | Swamp:4  | Reached XP level 16. HP: 136/136 MP: 21/21
 26608 | Swamp:4  | Killed a thorn hunter
 27602 | Swamp:4  | Identified the +7 ring mail of the Pirate {*Corrode rElec
                  | rF+++ SInv}
 27783 | Swamp:4  | Got a decaying rune of Zot
 28033 | Snake:1  | Entered Level 1 of the Snake Pit
 28104 | Snake:1  | Found a sparkling altar of Nemelex Xobeh.
 28753 | Snake:1  | Found Ohoan's Assorted Antiques.
 28755 | Snake:1  | Found Boanyiz's Distillery.
 28759 | Snake:1  | Found Cileqoe's Weapon Shop.
 28764 | Snake:1  | Bought a scroll of teleportation for 102 gold pieces
 28764 | Snake:1  | Bought a potion of heal wounds for 170 gold pieces
 28766 | Snake:1  | Bought 2 potions of heal wounds for 160 gold pieces
 30590 | Snake:2  | Reached XP level 17. HP: 146/146 MP: 23/23
 31248 | Snake:2  | Found a basalt altar of Yredelemnul.
 31974 | Snake:3  | Reached skill level 15 in Armour
 32334 | Snake:3  | Found a shadowy altar of Dithmenos.
 32374 | Snake:3  | Reached skill level 10 in Invocations
 32469 | Snake:3  | Noticed Aizul
 32475 | Snake:3  | Killed Aizul
 33026 | Snake:3  | Reached skill level 10 in Dodging
 33264 | Snake:4  | Entered Level 4 of the Snake Pit
 33285 | Snake:4  | Noticed Vashnia
 34088 | Snake:4  | Killed Vashnia
 34939 | Lair:4   | Identified the +0 cloak of Refuge {Int+2}
 34955 | Lair:4   | Identified the +2 robe of Duty {+Inv rPois rC+}
 35704 | Snake:4  | Reached XP level 18. HP: 144/156 MP: 24/24
 36237 | Snake:4  | Acquired 461 gold pieces
 37545 | Snake:4  | Reached skill level 21 in Bows
 37656 | Snake:4  | Got a serpentine rune of Zot
 37922 | Orc:1    | Entered Level 1 of the Orcish Mines
 38111 | Orc:2    | Entered Level 2 of the Orcish Mines
 38117 | Orc:2    | Found a staircase to the Elven Halls.
 38157 | Orc:1    | Learned a level 3 spell: Portal Projectile
 38208 | Orc:2    | Found Epniumom's Jewellery Shoppe.
 38275 | Orc:2    | Found Zafackot's General Store.
 38549 | Orc:2    | Reached skill level 5 in Translocations
 38568 | Orc:2    | Found Cyudoruh's Antique Weapon Shoppe.
 38599 | Orc:2    | Reached skill level 1 in Hexes
 38608 | Orc:2    | Noticed Maurice
 38613 | Orc:2    | Killed Maurice
 38619 | Orc:2    | Found Reism's Antique Armour Shoppe.
 38663 | Orc:2    | Noticed Snorg
 38668 | Orc:2    | Killed Snorg
 39433 | Elf:1    | Entered Level 1 of the Elven Halls
 39433 | Elf:1    | Found a runed translucent gate.
 39433 | Elf:1    | Found a runed translucent gate.
 39433 | Elf:1    | Found a runed translucent gate.
 39433 | Elf:1    | Found a runed translucent gate.
 39433 | Elf:1    | Found a runed translucent gate.
 39433 | Elf:1    | Found a runed translucent gate.
 39609 | Elf:1    | Found a runed translucent door.
 39627 | Elf:1    | Found a runed translucent door.
 39826 | Elf:1    | Reached skill level 5 in Spellcasting
 39843 | Elf:1    | Identified the +1 leather armour of the Slorg {rC+}
 39843 | Elf:1    | Identified the +10 plate armour of Sin {rElec}
 40084 | Elf:1    | Noticed a Tzitzimitl
 40086 | Elf:1    | Cast into level 2 of the Abyss (a deep elf demonologist)
 40113 | Abyss:2  | Found a corrupted altar of Lugonu.
 40291 | Abyss:2  | Found a corrupted altar of Lugonu.
 40576 | Elf:1    | Escaped the Abyss
 40577 | Elf:1    | Noticed an Ice Fiend
 42524 | Elf:1    | Found a runed translucent gate.
 42524 | Elf:1    | Found a runed translucent gate.
 42524 | Elf:1    | Found a runed translucent gate.
 42524 | Elf:1    | Found a runed translucent gate.
 42524 | Elf:1    | Found a runed translucent gate.
 42526 | Elf:1    | Found a runed translucent gate.
 42803 | Elf:2    | Found a runed translucent gate.
 42803 | Elf:2    | Found a runed translucent gate.
 42858 | Elf:2    | Reached XP level 19. HP: 160/163 MP: 26/26
 42904 | Elf:2    | Paralysed by an air elemental for 1 turns
 43243 | Elf:2    | Found Pistrelaa's Antique Armour Shoppe.
 43256 | Elf:2    | Bought a twisted plate armour for 1008 gold pieces
 43256 | Elf:2    | Identified the +7 plate armour of the Iron City of Dis
                  | {rElec rPois Int-4 Dex-4} (You bought it in a shop on level
                  | 2 of the Elven Halls)
 43382 | Elf:2    | Paralysed by an air elemental for 1 turns
 43669 | Elf:2    | Found a runed translucent gate.
 43717 | Elf:2    | Noticed Asterion
 43879 | Elf:2    | Killed Asterion
 44429 | Elf:2    | Reached skill level 10 in Evocations
 44437 | Elf:3    | Entered Level 3 of the Elven Halls
 44572 | Elf:3    | Found a magical portal.
 44576 | WizLab   | Entered The Hall of the Hellbinder
 45169 | WizLab   | Found a burning altar of Makhleb.
 45171 | WizLab   | Noticed Ligas
 45178 | WizLab   | Killed Ligas the Hellbinder
 45275 | WizLab   | Got the Handbook of Stones and Attacks
 45276 | WizLab   | Identified the ring of Fom Xoax {+Blink rPois rC- rCorr}
 45281 | WizLab   | Got the Papyrus of the Escort
 46736 | D:9      | Identified the amulet "Qunk" {Faith -Cast rElec rF+ rN+}
 46955 | Lair:3   | Killed browni3141's ghost
 48409 | D:13     | Found a runed translucent door.
 48411 | D:13     | Identified the +8 trident of the Imperium {flame, rElec
                  | Will+}
 48412 | D:13     | Noticed Ined's ghost (journeyman MiBe)
 48642 | D:14     | Found Gicvereot's Armour Shoppe.
 48758 | D:14     | Reached XP level 20. HP: 171/171 MP: 28/28
 48811 | D:14     | Found a gate to the Vaults.
 49437 | D:15     | Entered Level 15 of the Dungeon
 49531 | D:15     | Noticed Azrael
 49664 | D:15     | Killed Azrael
 49839 | D:15     | Found a staircase to the Depths.
 50007 | D:15     | Found a blossoming altar of Fedhas.
 51147 | Vaults:1 | Entered Level 1 of the Vaults
 51413 | Vaults:1 | Reached skill level 5 in Hexes
 53712 | Vaults:1 | Paralysed by a sphinx for 4 turns
 54431 | Vaults:2 | Cast into level 2 of the Abyss (a wizard)
 55014 | Vaults:2 | Escaped the Abyss
 55802 | Vaults:2 | Reached XP level 21. HP: 182/182 MP: 29/29
 56309 | Vaults:2 | Found Piczibu's Armour Shop.
 57026 | Vaults:3 | Found a staircase to the Crypt.
 57206 | Vaults:3 | Noticed Boris
 58012 | Vaults:3 | Killed Boris
 58930 | Vaults:3 | Identified the ring "Iciodere" {Wiz rN+ Will++ rCorr
                  | Slay-5}
 58939 | Vaults:3 | Noticed Jory
 58953 | Vaults:3 | Killed Jory
 58954 | Vaults:3 | Reached skill level 15 in Fighting
 59771 | Vaults:4 | Reached skill level 22 in Bows
 61018 | Vaults:4 | Noticed Boris
 61031 | Vaults:4 | Killed Boris
 61250 | Vaults:4 | Identified the +11 long sword of Kesisaopt {venom, rN+
                  | Str+4}
 61334 | Vaults:4 | Reached XP level 22. HP: 193/193 MP: 30/30
 61990 | D:13     | Killed Ined's ghost
 63558 | Elf:3    | Identified the +5 scale mail of the Ditch-Digger {-Tele
                  | rElec Int+4 SInv}
 63635 | Elf:3    | Identified the +6 broad axe of Coevuxzu {spect, Fragile
                  | rPois rN+++ SInv}
 63644 | Elf:3    | Identified the amulet "Fovaisich" {Faith Rampage Regen+
                  | rCorr}
 63648 | Elf:3    | Identified the ring of Wingo Baenk {rCorr Int+2 Dex+3}
 63989 | Elf:3    | Identified the ring of Dishonesty {rPois Will++ rCorr Int-5
                  | SInv}
 64509 | Depths:1 | Entered Level 1 of the Depths
 64520 | Depths:1 | Found a one-way gateway to a ziggurat.
 64521 | Depths:1 | Noticed a dread lich
 64554 | Depths:1 | Found a gateway to Hell.
 64619 | Depths:1 | Found a one-way gate leading to the halls of Pandemonium.
 64845 | Depths:1 | Found Leanom's Jewellery Shop.
 64845 | Depths:1 | Found Lopsumn's Weapon Boutique.
 64985 | Depths:1 | Found a runed translucent door.
 65248 | Depths:1 | Killed a dread lich
 65846 | Depths:2 | Got the Reference Book on Enthralling Orientation
 66422 | Depths:2 | Got Basa's Catalogue of Intoxication
 66425 | Depths:2 | Got the Reference Book on Supportive Black Secrets
 66623 | Depths:2 | Noticed a juggernaut
 66633 | Depths:2 | Killed a juggernaut
 66708 | Depths:2 | Noticed a juggernaut
 66722 | Depths:2 | Killed a juggernaut
 66729 | Depths:2 | Paralysed by a floating eye for 4 turns
 66732 | Depths:2 | HP: 9/195 [frost giant (3)]
 66735 | Depths:2 | HP: 2/195 [tengu reaver/bolt of poison (8)]
 66737 | Depths:2 | Killed from afar by a tengu reaver

Illustrated notes

Levels and vault maps discovered:
D:1:      dpeg_arrival_simpleton_a, layout_loops_corners,
          shapermc_ecumenical_altar_flowoftime, minmay_quantized
D:2:      layout_basic, feat_on_display, uniq_natasha
D:3:      layout_basic, nicolae_overflow_squiral, lemuel_crystal_altar,
          nicolae_dithmenos_through_a_glass_darkly, gup_sewer_entry_pipe,
          uniq_terence
D:4:      layout_rooms, serial_shops, nicolae_take_the_stairs, uniq_menkaure
D:5:      layout_rooms, cheibriados_altar_1, st_stairs_14, minivault_11,
          lightli_church_of_beogh
D:6:      layout_rooms, okawaru_gym_becter, kennysheep_opposing_triangles
D:7:      layout_loops_ring, temple_fountains
D:8:      layout_cave_pools, serial_glass, glass_columns_a, glass_columns_a,
          glass_columns_b, glass_columns_a, glass_columns_b, glass_columns_c
D:9:      layout_loops_ring, bloody_trog, kennysheep_little_box,
          small_chamber_with_monster, minivault_13, uniq_erica, uniq_maggie,
          uniq_psyche
D:10:     layout_grid_maze, nicolae_hepliaklqana_hippocampus, tso_metal_star,
          david_lair_generic
D:11:     layout_layer_cave, serial_shops, nicolae_shop_advertising_works
          [nicolae_subvault_shop_adworks]
D:12:     layout_basic, david_orc_2, uniq_rupert, uniq_urug, uniq_jorgrun
D:13:     evilmike_diamond_2, layout_loops_ring, ebering_ghost_funeral_grove
D:14:     layout_irregular_city, david_vaults_1,
          hangedman_abyss_or_decor_lesser_grid, nicolae_stop_n_shop_2
D:15:     gammafunk_depths_entry_grave, layout_small_grid,
          minmay_stone_trees_large, fedhas_altar_3, uniq_azrael
Temple:   minmay_temple_bridge_abc
Lair:1:   layout_roguey, st_stairs_11
Lair:2:   layout_regular_city
Lair:3:   layout_gridlike, skrybe_swamp_entry_bodies,
          minmay_snake_entry_guardpost_medium, ebering_ghost_reflecting_pool,
          grunt_megastairs_2
Lair:4:   layout_roguey, ice2_lemuel, uniq_nergalle
Lair:5:   layout_roguey [special_room_mythical_zoo], slime_altar_1,
          nicolae_volcano_entry_lava_flow, beast_lair_carwin_9
Lair:6:   minmay_lair_end_enchanted_forest, layout_regular_city,
          minmay_shattered_shrine, uniq_josephine
Swamp:1:  layout_basic_swamp, serial_swamp_ruin, evilmike_swamp_ruin_rubble_1,
          evilmike_swamp_ruin_rubble_2, evilmike_swamp_ruin_wall
Swamp:2:  layout_basic_swamp, nicolae_swamp_ascending_descending
Swamp:3:  layout_basic_swamp, infiniplex_staircase_pool
Swamp:4:  grunt_swamp_rune_castle, layout_basic_swamp, swamp_pool2,
          nicolae_swamp_spriggan_camp
Snake:1:  layout_layer_cave, basic_altar, minmay_shop_star
Snake:2:  layout_grid_maze, basic_altar
Snake:3:  layout_misc_corridors, basic_altar, uniq_aizul
Snake:4:  grunt_snake_rune_serpentine_throne, layout_layer_cave,
          serial_bayou_shore_a, uniq_vashnia
Orc:1:    layout_caves, basic_altar
Orc:2:    grunt_orc_gardens, layout_caves, grunt_orc_garden, grunt_orc_garden,
          grunt_orc_garden, grunt_orc_garden, uniq_maurice, uniq_snorg
Elf:1:    nicolae_elf_arrival_dilemma, layout_onion_city, orc_legates
Elf:2:    elven_hall_of_blades_hangedman_original
          [nicolae_blade_entry_antechamber], layout_rooms, serial_shops,
          nicolae_stop_n_shop_1, uniq_asterion
Elf:3:    minmay_elf_hall, layout_loops_corners, mu_enter_wizlab_4
Vaults:1: vaults_mumra_hexcomb, nicolae_vaults_network_barrier, v_misc_5,
          v_misc_3, v_pattern_2, nicolae_vaults_little_squares_3,
          ontoclasm_vaults_idyll, vaults_dpeg_ring, layout_vaults_omnigrid
Vaults:2: hangedman_vaults_hat, ontoclasm_vaults_hangar,
          nicolae_vaults_three_branches, v_misc_30, vaults_room_corners,
          nicolae_vaults_display_case, vaults_room_pool,
          dpeg_vaults_monster_box, vaults_mumra_hex, v_misc_8,
          nicolae_vaults_little_squares_4, hangedman_vaults_stretched_pinwheel,
          layout_vaults_omnicross, serial_shops, shop
Vaults:3: minmay_crypt_entry_nasty_monster, nicolae_vaults_arrows, v_rooms_3,
          hangedman_vaults_maws, v_misc_32, vaults_mumra_minichess_inversion,
          v_misc_16, nicolae_vaults_theta, layout_vaults_maze_snakey,
          uniq_boris, uniq_jory
Vaults:4: hangedman_vaults_stagger, v_misc_13, vaults_room_door_hall,
          nicolae_vaults_shelves_hall, hangedman_vaults_variations,
          grunt_vaults_funnel, v_misc_33, hangedman_vaults_unwind, v_misc_8,
          vaults_dpeg_doors, v_alt_pattern_1, ontoclasm_vaults_claustrophobia,
          nicolae_vaults_little_squares_4, nicolae_vaults_diagonal_hallway_7,
          vaults_dpeg_encased_lava, layout_vaults_omnibox
Depths:1: layout_roguey, enter_ziggurat_d, hell_entry, rand_demon_pan_entry_4,
          hex_medium, kennysheep_treasure_room, minmay_shoptagon
Depths:2: minmay_stepped, layout_cave_pools, grunt_mini_vestibule,
          rand_demon_pan_entry_7, serial_shops, nicolae_shop_hallway_stairs,
          minmay_multi_spiral, infiniplex_staircase_pillars_3b

Skill      XL: |  1  2  3  4  5  6  7  8  9 10 11 12 13 14 15 16 17 18 19 20 21 22 |
---------------+-------------------------------------------------------------------+-----
Stealth        | 1 2 3 5 6 8 9 10 11 12 | 12.0
Fighting       | 3 5 7 9 10 12 13 14 15 16 | 16.2
Dodging        | 3 4 6 8 9 10 12 13 14 | 14.0
Armour         | 1 2 3 5 7 9 10 13 15 16 17 18 | 18.4
Bows           | 5 7 9 11 13 16 19 20 21 22 | 22.5
Invocations    | 3 5 7 8 9 10 12 | 12.0
Evocations     | 2 5 6 7 9 12 13 14 | 14.6
Translocations | 1 3 4 6 7 8 9 |  9.7
Spellcasting   | 1 3 5 6 |  6.0
Hexes          | 3 4 5 6 7 |  7.6

Action                   |  1- 3 |  4- 6 |  7- 9 | 10-12 | 13-15 | 16-18 | 19-21 | 22-24 || total
-------------------------+-------+-------+-------+-------+-------+-------+-------+-------++-------
Melee: Short sword       |   121 |   162 |       |       |       |       |       |       ||   283
       Headbutt          |    12 |    27 |       |       |     1 |     1 |       |       ||    41
       Punch             |     2 |       |       |       |       |       |       |       ||     2
       Double sword      |       |       |       |       |     2 |       |       |       ||     2
       Spear             |       |       |       |       |       |     4 |       |       ||     4
 Fire: Shortbow          |       |    33 |    15 |       |       |       |       |       ||    48
       Longbow           |       |       |   158 |   355 |   977 |  1535 |  1820 |   454 ||  5299
Throw: Dart              |       |       |       |       |       |       |     2 |       ||     2
Evoke: Wand              |       |       |       |       |     1 |       |       |     1 ||     2
       Condenser vane    |       |       |       |       |       |       |     1 |       ||     1
  Use: Potion            |       |     5 |     2 |       |     2 |       |     1 |       ||    10
       Scroll            |       |     3 |     9 |     4 |    16 |     3 |     9 |     5 ||    49
 Stab: Sleeping          |     2 |     2 |       |       |       |       |       |       ||     4
Armor: Leather armour    |    28 |    60 |       |       |       |       |       |       ||    88
       Ring mail         |       |       |    11 |    14 |     6 |    56 |   154 |    18 ||   259
       Chain mail        |       |       |       |       |    65 |    42 |       |       ||   107
Dodge: Dodged            |    82 |    85 |    27 |    44 |    81 |   228 |   312 |    82 ||   941
